 Dungeon Crawl Stone Soup version 0.28.0 (webtiles) character file.

Game seed: 14996981436570020246

7 SnakkuSnakku7 the Sneak (level 2, 0/16 HPs)
             Began as a Tengu Enchanter on Feb 5, 2022.
             Was a Believer of Lugonu.
             Slain by a bat (1 damage)
             ... on level 1 of the Dungeon.
             The game lasted 00:00:24 (78 turns).

SnakkuSnakku7 the Sneak (Tengu Enchanter)             Turns: 78, Time: 00:00:25

Health: 0/16       AC:  2    Str:  8    XL:     2   Next: 0%
Magic:  6/6        EV: 12    Int: 15    God:    Lugonu [**....]
Gold:   0          SH:  0    Dex: 14    Spells: 5/5 levels left

rFire   . . .      SeeInvis .   a - +1 dagger
rCold   . . .      Faith    .   (no shield)
rNeg    . . .      Spirit   .   b - +0 robe
rPois   .          Reflect  .   (helmet restricted)
rElec   .          Harm     .   (no cloak)
rCorr   .          Rampage  .   (no gloves)
Will    .....                   (boots unavailable)
Stlth   ++........              (no amulet)
HPRegen 0.05/turn               (no ring)
MPRegen 0.10/turn               (no ring)

@: no status effects
A: beak, talons 3
a: Renounce Religion, Depart the Abyss, Bend Space


You were on level 1 of the Dungeon.
You worshipped Lugonu.
Lugonu was pleased with you.
You visited 1 branch of the dungeon, and saw 1 of its levels.

Inventory:

Hand Weapons
 a - a +1 dagger (weapon)
Armour
 b - a +0 robe (worn)
Potions
 c - a potion of invisibility
 d - a potion of lignification {unknown}


   Skills:
 + Level 1.5 Fighting
 - Level 1.1 Short Blades
 - Level 2.1 Dodging
 - Level 3.0 Stealth
 - Level 2.0 Spellcasting
 - Level 2.1 Hexes


You had 5 spell levels left.
You didn't know any spells.
Your spell library contained the following spells:

 Spells                   Type           Power      Damage    Failure   Level
 Ensorcelled Hibernation  Hex/Ice        8%         N/A       22%         2
 Confusing Touch          Hex            8%         N/A       26%         3
 Tukima's Dance           Hex            8%         N/A       26%         3
 Dazzling Flash           Conj/Hex       8%         N/A       38%         3


Dungeon Overview and Level Annotations

Branches:
Dungeon (1/15)

Altars:
Lugonu


Innate Abilities, Weirdness & Mutations

You have a beak for a mouth.
You have claws for feet.


Message History

You see here a dart slug corpse.
You hit the goblin.
You kill the goblin!
Lugonu accepts your kill.
You hear a splash.
The bat closely misses you.
You have reached level 2!
You hit the bat. Your kick misses the bat.
The bat is moderately wounded.
The bat misses you.
You hit the bat but do no damage.
The bat is moderately wounded.
The bat closely misses you.
You enter the shallow water.
Moving in this stuff is going to be slow.
The bat closely misses you. The bat hits you but does no damage.
Your unstable footing causes you to fumble your attack.
The bat hits you.
* * * LOW HITPOINT WARNING * * *
The bat hits you but does no damage.
There is a corrupted altar of Lugonu here.
You enter the shallow water.
Moving in this stuff is going to be slow.
The bat barely misses you. Why would you want to do that?
Why would you want to do that? The bat closely misses you. x2
The bat closely misses you. The bat hits you but does no damage.
The bat hits you but does no damage.
You miss the bat. You claw the bat. Your peck misses the bat.
The bat is moderately wounded.
The bat hits you.
* * * LOW HITPOINT WARNING * * *
The bat closely misses you. The bat completely misses you.
The bat barely misses you. The bat barely misses you. The bat hits you.
You die...

....##.≈≈≈≈≈≈≈≈≈≈≈...
#..##..≈≈≈≈≈≈≈≈≈....
#..##..≈≈≈≈≈≈≈≈≈....
#.....≈≈..≈.....≈...
##.##.........≈.....
#.####.......###..?
#.# #.J######
#.####.####.b###
#........)..@..###
#.####.######....#
########....###
#.............#
#.<........##.#
#.............#
####.>.######## #...#
#####


You could see an endoplasm and a bat.

Vanquished Creatures
  A dart slug (D:1)
  An endoplasm (D:1)
  A goblin (D:1)
  A quokka (D:1)
4 creatures vanquished.

Notes
Turn   | Place    | Note
-------+----------+-------------------------------------------
     0 | D:1      | SnakkuSnakku7 the Tengu Enchanter began the quest for the
                  | Orb.
     0 | D:1      | Reached XP level 1. HP: 10/10 MP: 4/4
    23 | D:1      | Found a faded altar of an unknown god.
    46 | D:1      | Prayed at the altar of an unknown god.
    46 | D:1      | Became a worshipper of Lugonu the Unformed
    46 | D:1      | Reached * piety under Lugonu
    46 | D:1      | Reached ** piety under Lugonu
    56 | D:1      | Reached skill level 1 in Fighting
    59 | D:1      | Reached XP level 2. HP: 2/16 MP: 6/6
    78 | D:1      | Slain by a bat

Illustrated notes

Levels and vault maps discovered:
D:1:      amcnicky_arrival_blooded_trapdoor, layout_loops_ring,
          chequers_ecumenical_altar_island, serial_bayou_crossing

Skill      XL: |  1 |
---------------+----+-----
Fighting       | 1 |  1.5
Short Blades   | |  1.1
Dodging        | |  2.1
Stealth        | |  3.0
Spellcasting   | |  2.0
Hexes          | |  2.1

Action                   || total
-------------------------++-------
Melee: Dagger            ||    19
       Kick              ||     6
       Peck              ||     2
       Punch             ||     1
Armor: Robe              ||     7
Dodge: Dodged            ||    20
